 Dungeon Crawl Stone Soup version 0.27.1 (webtiles) character file.

Game seed: 5390392440235901139

216 acemry the Ruffian (level 5, -1/53 HPs)
             Began as a Troll Fighter on Sept 4, 2021.
             Slain by Joseph (14 damage)
             ... on level 7 of the Dungeon.
             The game lasted 00:03:22 (2209 turns).

acemry the Ruffian (Troll Fighter)                  Turns: 2209, Time: 00:03:23

Health: -1/53      AC:  4    Str: 25    XL:     5   Next: 61%
Magic:  4/4        EV: 10    Int:  4    God:
Gold:   117        SH:  0    Dex:  9    Spells: 4/4 levels left

rFire    . . .     SeeInvis .     - Unarmed
rCold    . . .     Faith    .   (no shield)
rNeg     . . .     Spirit   .   a - +0 robe
rPois    .         Reflect  .   (helmet restricted)
rElec    .         Harm     .   (no cloak)
rCorr    .         Rampage  .   (gloves unavailable)
Will     .....                  (boots unavailable)
Stlth    +.........             (no amulet)
HPRegen  1.17/turn              (no ring)
MPRegen  0.09/turn              (no ring)

@: no status effects
A: large, unfitting armour, claws 3, regeneration 1, shaggy fur 1, tough skin 1
a: no special abilities


You were on level 7 of the Dungeon.
You visited 1 branch of the dungeon, and saw 5 of its levels.

You collected 117 gold pieces.

Inventory:

Armour
 a - a +0 robe (worn)
 b - a +0 kite shield
Jewellery
 g - a ring of poison resistance
Potions
 c - a potion of might
 d - a potion of mutation {unknown}
 f - a potion of curing
 j - a potion of attraction
 l - 2 potions of magic


   Skills:
 + Level 3.2 Fighting
 - Level 2.4 Dodging
 - Level 2.4 Shields
 * Level 5.3 Unarmed Combat


You had 4 spell levels left.
You didn't know any spells.
Your spell library contained the following spells:

 Spells                   Type           Power      Damage    Failure   Level
 Beastly Appendage        Tmut           0%         N/A       50%         1
 Wereblood                Tmut           0%         N/A       65%         2
 Spider Form              Tmut/Pois      0%         N/A       86%         3


Dungeon Overview and Level Annotations

Branches:
Dungeon (4/15)
 Temple: D:4-7

Altars:

Annotations:
D:7 Joseph


Innate Abilities, Weirdness & Mutations

You are too large for most types of armour.
You have claws for hands.
Your natural rate of healing is unusually fast.
You are covered in fur. (AC +1)
You have tough skin. (AC +1)


Message History

You claw the white imp! Your claw misses the white imp.
The white imp is almost dead.
The white imp closely misses you.
You scratch the white imp.
You kill the white imp!
No target in view!
No target in view!
Found 19 stones.
d - an orange potion Joseph, a Mercenary comes into view.
He is wielding a +0 quarterstaff and carrying a wand of paralysis (9).
Joseph unwields a +0 quarterstaff.
Joseph wields a +0 hunting sling.
Joseph shoots a sling bullet.
The sling bullet hits you.
Joseph is nearby!
Joseph is nearby!
Joseph is nearby!
Joseph zaps a wand.
You suddenly lose the ability to move!
Joseph zaps a wand.
You shrug off the repeated paralysis!
Joseph zaps a wand.
You resist with some effort.
Joseph shoots a sling bullet.
The sling bullet hits you!
You can move again.
Joseph zaps a wand.
You resist with some effort.
Found 24 bolts.
Joseph unwields a +0 hunting sling.
Joseph wields a +0 quarterstaff.
Joseph closely misses you.
Unknown command.
You scratch Joseph but do no damage. Joseph hits you with a +0 quarterstaff!
You claw Joseph! x2
Joseph is moderately wounded.
Joseph hits you with a +0 quarterstaff!
You are too injured to fight recklessly!
You are too injured to fight recklessly!
You are too injured to fight recklessly!
You are too injured to fight recklessly!
You scratch Joseph but do no damage.
Joseph is moderately wounded.
Joseph hits you with a +0 quarterstaff!
* * * LOW HITPOINT WARNING * * *
You claw Joseph!
Joseph is heavily wounded.
Joseph hits you with a +0 quarterstaff!
You die...

#.... ##.... .....
##...# ..... ##...# ....
#....# #..# ##...####..#
##.........##
##...........###
##.........@@...#
###......?.<........#
#....#...............
....<#.[................
..#######.....$........(
. ###..#..(.......
##.###........ #.#
######...


You could see Joseph.

Vanquished Creatures
  A bullfrog (D:3)
  Crazy Yiuf (D:2)
  A hound zombie (D:3)
  4 adders
  A white imp (D:7)
  A worm (D:2)
  3 dart slugs
  5 orcs (D:2)
  3 ball pythons
  4 bats
  5 endoplasms
  6 giant cockroaches
  2 goblins (D:2)
  A hobgoblin (D:2)
  3 jackals (D:2)
  4 kobolds
  2 quokkas (D:2)
  3 frilled lizards
  5 rats
55 creatures vanquished.

Notes
Turn   | Place    | Note
-------+----------+-------------------------------------------
     0 | D:1      | acemry the Troll Fighter began the quest for the Orb.
     0 | D:1      | Reached XP level 1. HP: 22/22 MP: 0/0
   185 | D:1      | Reached XP level 2. HP: 29/29 MP: 1/1
   705 | D:1      | Found a faded altar of an unknown god.
  1017 | D:2      | Reached skill level 3 in Unarmed Combat
  1017 | D:2      | Reached XP level 3. HP: 36/36 MP: 2/2
  1319 | D:2      | Reached XP level 4. HP: 37/45 MP: 3/3
  1467 | D:2      | Found a runed translucent door.
  1468 | D:2      | Noticed Crazy Yiuf
  1476 | D:2      | Killed Crazy Yiuf
  1477 | D:2      | Reached skill level 4 in Unarmed Combat
  1659 | D:3      | Noticed a bullfrog
  1664 | D:3      | Killed a bullfrog
  1665 | D:3      | Reached skill level 5 in Unarmed Combat
  1665 | D:3      | Reached XP level 5. HP: 43/53 MP: 4/4
  2184 | D:4      | You fall into a shaft and drop 3 floors!
  2197 | D:7      | Noticed Joseph
  2198 | D:7      | Paralysed by Joseph for 5 turns
  2209 | D:7      | Slain by Joseph

Illustrated notes

Levels and vault maps discovered:
D:1:      noname_arrival_rooms_in_the_neighbourhood, layout_basic,
          ebering_ecumenical_altar_mist, minmay_worlds_worst_comb
D:2:      wad_river_or_something, layout_basic, hangedman_decor_push,
          uniq_crazy_yiuf_cottage
D:3:      layout_loops_ring
D:4:      minmay_clustersquares, layout_rooms
D:7:      layout_cave_pods, uniq_joseph

Skill      XL: |  1  2  3  4 |
---------------+-------------+-----
Unarmed Combat | 3 5 |  5.3
Fighting       | 3 |  3.2
Dodging        | |  2.4
Shields        | |  2.4

Action                   |  1- 3 |  4- 6 || total
-------------------------+-------+-------++-------
Melee: Unarmed           |   115 |    53 ||   168
       Punch             |       |     1 ||     1
  Use: Scroll            |       |     8 ||     8
 Stab: Sleeping          |     2 |     1 ||     3
Armor: Robe              |    52 |    17 ||    69
Dodge: Dodged            |    58 |    26 ||    84
